 Dungeon Crawl Stone Soup version 0.28-a0-1524-ge72afd5fc6 (webtiles) character file.

Game seed: 13648207384710031306

753 psuckher the Skirmisher (level 7, -7/60 (61) HPs)
             Began as a White Draconian Berserker on Jan 17, 2022.
             Was a Priest of Trog.
             Mangled by a wight (12 damage)
             ... on level 6 of the Dungeon.
             The game lasted 00:24:43 (4808 turns).

psuckher the Skirmisher (White Draconian Berserker) Turns: 4808, Time: 00:24:44

HP:   -7/60 (61)    AC:  6    Str: 25    XL:     7   Next: 49%
MP:   7/16          EV:  8    Int:  7    God:    Trog [***...]
Gold: 181           SH: 11    Dex: 10    Spells: 6/6 levels left

rFire   . . .      SeeInvis .   k - +7 hand axe of the Whelk {freeze, MP+9 Str+3}
rCold   + . .      Faith    .   t - +0 tower shield
rNeg    . . .      Spirit   .   (armour unavailable)
rPois   .          Reflect  .   (helmet restricted)
rElec   .          Harm     .   (no cloak)
rCorr   .          Rampage  .   (no gloves)
Will    .....                   (no boots)
Stlth   ++........              (no amulet)
HPRegen 0.20/turn               (no ring)
MPRegen 0.15/turn               (no ring)

@: on berserk cooldown, slowed, lightly drained, very slow
A: breathe frost, AC +6, unfitting armour, cold resistance 1, cold-blooded
a: Breathe Frost, Renounce Religion, Berserk, Trog's Hand


You were on level 6 of the Dungeon.
You worshipped Trog.
Trog was most pleased with you.
You visited 2 branches of the dungeon, and saw 7 of its levels.

You collected 181 gold pieces.

Inventory:

Hand Weapons
 a - a +0 short sword
 k - the +7 hand axe of the Whelk (weapon) {freeze, MP+9 Str+3}
   (You found it on level 2 of the Dungeon)

   It freezes those it strikes, dealing additional cold damage.
   It can also slow down cold-blooded creatures.
   Str:       It affects your strength (+3).
   MP:        It affects your magic capacity (+9).
Armour
 g - a +0 buckler
 t - a +0 tower shield (worn)
Magical Staves
 y - a staff of cold
Jewellery
 b - a ring of poison resistance
 d - a ring of see invisible
 j - a ring of protection from fire
 v - a ring of poison resistance
Wands
 x - a wand of polymorph (3)
Scrolls
 f - 3 scrolls of blinking {unknown}
 h - 2 scrolls of fog {unknown}
 m - a scroll of noise {unknown}
 o - a scroll of magic mapping {unknown}
 q - a scroll of enchant armour {unknown}
 r - 2 scrolls of teleportation {unknown}
 u - 3 scrolls of identify {unknown}
 w - a scroll of summoning {unknown}
Potions
 c - 4 potions of heal wounds {unknown}
 e - 2 potions of curing {unknown}
 i - a potion of might {unknown}
 l - a potion of magic {unknown}
 n - a potion of resistance
 p - a potion of attraction {unknown}
 s - a potion of brilliance {unknown}
 z - a potion of degeneration {unknown}


   Skills:
 + Level 5.5 Fighting
 + Level 4.0 Short Blades
 + Level 4.4 Axes
 + Level 4.1 Dodging
 + Level 2.0 Stealth
 + Level 2.1 Shields


You had 6 spell levels left.
You didn't know any spells.
Your spell library contained the following spells:

 Spells                   Type           Power      Damage    Failure   Level
 Magic Dart               Conj           0%         1d3       100%        1
 Searing Ray              Conj           0%         2d4       100%        2
 Fulminant Prism          Conj/Hex       0%         3d6       100%        4
 Freezing Cloud           Conj/Ice/Air   0%         6-21      100%        5
 Simulacrum               Ice/Necr       0%         N/A       100%        6
 Polar Vortex             Ice            0%         N/A       100%        9


Dungeon Overview and Level Annotations

Branches:
Dungeon (6/15)             Temple (1/1) D:5

Altars:
Cheibriados
Elyvilon
Fedhas
Gozag
Kikubaaqudgha
Makhleb
Ru
Sif Muna
Trog
Uskayaw
Vehumet
Wu Jian
Xom
Yredelemnul
Zin
The Shining One

Shops:
D:3 =   D:6 (


Innate Abilities, Weirdness & Mutations

You can breathe waves of freezing cold which knock back foes.
Your icy white scales are hard. (AC +6)
You cannot fit into any form of body armour.
Your flesh is cold resistant. (rC+)
You are cold-blooded and may be slowed by cold attacks.


Message History

a +0 long sword; a +0 robe You are no longer berserk.
You are exhausted.
You feel yourself slow down.
You see here a +0 short sword.
Things that are here:
a +0 long sword; a +0 robe A wight comes into view.
It is wielding a +2 battleaxe.
There is an entrance to Ipnuall's Weapon Boutique here.
You block the wight's attack. The wight hits you with a +2 battleaxe.
You hit the wight but do no damage. You block the wight's attack.
The wight hits you with a +2 battleaxe!
You barely miss the wight. The wight hits you with a +2 battleaxe.
You feel drained. The wight hits you with a +2 battleaxe.
You closely miss the wight.
Your tail-slap misses the wight.
You block the wight's attack. x2; The wight closely misses you.
You barely miss the wight. You block the wight's attack.
The wight hits you with a +2 battleaxe!
You slash the wight!
The wight is heavily damaged.
The wight hits you with a +2 battleaxe!
* * * LOW HITPOINT WARNING * * *
The wight hits you with a +2 battleaxe!
* * * LOW HITPOINT WARNING * * *
The +7 hand axe of the Whelk {freeze, MP+9 Str+3} stops glowing.
You really shouldn't be using a wizardly item like this.
y - a staff of cold (weapon)
You block the wight's attack.
Really attack while wielding your staff of cold?
This could place you under penance! [Y]es or [N]o only, please.
Really attack while wielding your staff of cold?
This could place you under penance!
Okay, then.
You feel stronger.
The +7 hand axe of the Whelk {freeze, MP+9 Str+3} glows with a cold blue light!
k - the +7 hand axe of the Whelk (weapon)
{freeze, MP+9 Str+3} You hit the wight.
You tail-slap the wight, but do no damage.
The wight is severely damaged.
You block the wight's attack. x2; The wight hits you with a +2 battleaxe!
You die...

##### ....
...## ... .....
.. #..#
#.####..#
#.#.....#
##...##.####
#..∩.......#
#.z@...<##.#
#.##.)<....# #.
#....##.# .
#)#..# #
........#.....
###...........#
##.##.#####.#
#. #.. .# . ###
#


You could see a wight.

Vanquished Creatures
  4 phantoms
  A scorpion (D:5)
  2 wights (D:6)
  A bullfrog zombie (D:5)
  An orc wizard (D:5)
  Natasha (thrice) (D:2)
  Robin (D:2)
  3 adders
  A shadow imp (D:5)
  2 ufetubi
  2 worms
  An adder skeleton (D:5)
  4 dart slugs
  15 orcs
  6 ball pythons
  6 endoplasms
  14 goblins
  4 hobgoblins
  10 jackals
  A quokka (D:2)
  4 bats
  7 frilled lizards
  4 kobolds
  5 rats
  A spectral kobold (D:2)
103 creatures vanquished.

Notes
Turn   | Place    | Note
-------+----------+-------------------------------------------
     0 | D:1      | psuckher the Draconian Berserker began the quest for the
                  | Orb.
     0 | D:1      | Reached XP level 1. HP: 19/19 MP: 1/1
   232 | D:1      | Reached XP level 2. HP: 16/26 MP: 2/2
   737 | D:2      | Found a faded altar of an unknown god.
   821 | D:2      | Noticed Natasha
   830 | D:2      | Killed Natasha
   831 | D:2      | Reached skill level 4 in Fighting
   831 | D:2      | Reached XP level 3. HP: 14/33 MP: 3/3
   847 | D:2      | Identified the +7 hand axe of the Whelk {freeze, MP+9
                  | Str+3}
  1017 | D:2      | Noticed Natasha
  1025 | D:2      | Killed Natasha
  1026 | D:2      | Reached XP level 4. HP: 41/41 MP: 4/4
  1043 | D:2      | Noticed Robin
  1048 | D:2      | Reached ** piety under Trog
  1052 | D:2      | Killed Robin
  1364 | D:2      | Noticed Natasha
  1372 | D:2      | Killed Natasha
  1373 | D:2      | Reached skill level 1 in Axes
  1539 | D:3      | Reached XP level 5. HP: 47/47 MP: 5/5
  1620 | D:3      | Found Hucapuep's Jewellery Shop.
  2268 | D:4      | Noticed a phantom
  2280 | D:4      | Killed a phantom
  2281 | D:4      | Reached skill level 1 in Stealth
  2309 | D:4      | Reached *** piety under Trog
  2587 | D:4      | Reached XP level 6. HP: 50/55 MP: 6/6
  2721 | D:4      | Reached skill level 5 in Fighting
  3061 | D:4      | Reached skill level 1 in Shields
  3363 | D:5      | Entered Level 5 of the Dungeon
  3432 | D:5      | Found a staircase to the Ecumenical Temple.
  3445 | Temple   | Entered the Ecumenical Temple
  4110 | D:5      | Your scales start taking on an icy white colour.
  4110 | D:5      | Reached XP level 7. HP: 61/61 MP: 7/7
  4110 | D:5      | Gained mutation: Your flesh is cold resistant. (rC+) [White
                  | Draconian growth]
  4778 | D:6      | Found Ipnuall's Weapon Boutique.
  4808 | D:6      | Mangled by a wight

Illustrated notes

Levels and vault maps discovered:
D:1:      lightli_molten_gateway, layout_basic, serial_glass, glass_columns_c,
          glass_columns_a
D:2:      cheibrodos_old_hovel, layout_rooms,
          dreamdust_ecumenical_altar_drowned_temple, minivault_14, uniq_natasha,
          uniq_robin
D:3:      layout_loops_ring, serial_shops, shop
D:4:      layout_loops_corners
D:5:      layout_cave_pods, minmay_temple_entry_statues_pillars,
          grunt_decor_one_mirror
D:6:      layout_loops_cross, serial_shops, shop, shop, uniq_eustachio
Temple:   eino_temple_scatter_basement

Skill      XL: |  1  2  3  4  5  6  7 |
---------------+----------------------+-----
Dodging        | 3 4 |  4.1
Fighting       | 4 5 |  5.5
Short Blades   | 4 |  4.0
Axes           | 1 2 3 4 |  4.4
Stealth        | 1 2 |  2.0
Shields        | 1 2 |  2.1

Action                   |  1- 3 |  4- 6 |  7- 9 || total
-------------------------+-------+-------+-------++-------
Melee: Short sword       |    82 |       |       ||    82
       Tailslap          |    14 |     7 |     4 ||    25
       Punch             |     1 |       |       ||     1
       Hand axe          |     4 |    97 |    31 ||   132
Invok: Berserk           |     4 |     3 |     2 ||     9
 Stab: Distracted        |       |     1 |       ||     1
Armor: Skin              |    21 |    41 |    13 ||    75
Dodge: Dodged            |    58 |    74 |    16 ||   148
Block: Buckler           |     4 |     5 |       ||     9
       Tower shield      |       |    22 |    28 ||    50

Table legend: (Time is in decaauts)
 A = Elapsed time spent in this place.
 B = Non-inter-level travel time spent in this place.
 C = Inter-level travel time spent in this place.
 D = Time resting spent in this place.
 E = Time spent auto-exploring this place.
 F = Levels seen in this place.
 G = Mean time per level.
                   A        B        C        D        E       F      G
               +--------+--------+--------+--------+--------+-----+--------+
         Total |   4986 |   4285 |    701 |      0 |      0 |   7 |  712.3 |
       Dungeon |   4615 |   3981 |    634 |      0 |      0 |   6 |  769.2 |
        Temple |    370 |    303 |     67 |      0 |      0 |   1 |  370.0 |
               +--------+--------+--------+--------+--------+-----+--------+

Top non-repeatable levels by time:
     D:4: 1165 daAuts
     D:5: 1087 daAuts
     D:2: 888 daAuts
     D:3: 727 daAuts
     D:1: 705 daAuts
  Temple: 370 daAuts
     D:6: 40 daAuts
